 Dungeon Crawl Stone Soup version 0.19.4-9-g45fd643 (webtiles) character file.

101 oplop the Chiller (level 4, -5/28 HPs)
             Began as an Octopode Ice Elementalist on Feb 22, 2017.
             Killed from afar by an orc wizard (11 damage)
             ... with a puff of frost
             ... on level 4 of the Dungeon.
             The game lasted 00:02:58 (2445 turns).

oplop the Chiller (Octopode Ice Elementalist)       Turns: 2445, Time: 00:02:59

Health: -5/28      AC:  1    Str:  7    XL:     4   Next: 75%
Magic:  7/8        EV: 13    Int: 18    God:
Gold:   48         SH:  0    Dex: 12    Spells: 2 memorised, 4 levels left

rFire  . . .     SeeInvis .     i - +4 whip
rCold  . . .     Gourm    .     (no shield)
rNeg   . . .     Faith    .     (helmet restricted)
rPois  .         Spirit   .     (no amulet)
rElec  .         Reflect  .     (no ring)
rCorr  .         Harm     .     (no ring)
MR     .....                    (no ring)
Stlth  +++.......               (no ring)
                                (no ring)
                                (no ring)
                                (no ring)
                                (no ring)

@: no status effects
A: almost no armour, stealthy swim, amphibious, 8 rings, constrict 8, camouflage
1, gelatinous body 1
a: no special abilities


You were on level 4 of the Dungeon.
You were hungry.

You visited 1 branch of the dungeon, and saw 4 of its levels.

You collected 48 gold pieces.

Inventory:

Hand Weapons
 i - a +4 whip (weapon)
Jewellery
 e - a cursed ring of loudness {unknown}
Scrolls
 c - 4 scrolls of identify {unknown}
 d - 2 scrolls of enchant armour {unknown}
 g - 4 scrolls of remove curse {unknown}
 l - a scroll of teleportation {unknown}
 m - a scroll of enchant weapon {unknown}
Potions
 h - 2 potions of invisibility {unknown}
 j - 2 potions of heal wounds {unknown}
 k - a potion of might {unknown}
 o - 2 potions of flight {unknown}
 p - 2 potions of curing {unknown}
Books
 a - a book of Frost

   Spells                             Type                      Level
   a - Freeze                         Ice                          1
   b - Throw Frost                    Conjuration/Ice              2
   c - Ozocubu's Armour               Charms/Ice                   3
   d - Throw Icicle                   Conjuration/Ice              4
   e - Summon Ice Beast               Ice/Summoning                4
Comestibles
 b - 3 bread rations
 f - a slice of pizza
 n - a royal jelly


   Skills:
 + Level 1.6 Fighting
 - Level 2.0 Dodging
 - Level 2.6 Stealth
 + Level 2.8 Spellcasting
   Level 1.0 Conjurations
 * Level 4.3 Ice Magic


You had 4 spell levels left.
You knew the following spells:

 Your Spells              Type           Power        Failure   Level  Hunger
a - Freeze                Ice            ###.         2%          1    None
b - Ozocubu's Armour      Chrm/Ice       ##......     24%         3    ###....


Dungeon Overview and Level Annotations

Branches:
Dungeon (4/15)
 Temple: D:4-7

Altars:
Ru

Annotations:
D:3 exclusions: centaur and door, Crazy Yiuf


Innate Abilities, Weirdness & Mutations

You cannot wear most types of armour.
You are very stealthy in the water. (Stealth+)
You are amphibious.
You can wear up to eight rings at the same time.
You can use your tentacles to constrict eight enemies at once.
Your skin changes colour to match your surroundings (Stealth+).
Your rubbery body absorbs attacks. (AC +1, EV +1)


Message History

You constrict the orc priest. The orc priest barely misses you.
The orc wizard closely misses you.
You hit the orc priest but do no damage.
You squeeze the orc priest.
The orc priest is moderately wounded.
You constrict the orc priest, but do no damage.
The orc wizard misses you. The orc priest hits you with a club.
Casting: Freeze
Confirm with . or Enter, or press ? or * to list all spells.
Aiming: Freeze
Press: ? - help, Shift-Dir - straight line, f - orc priest
Aim: an orc priest, wielding a club and wearing a scale mail (lightly wounded, constricted by you)
You freeze the orc priest.
The orc priest is moderately wounded.
You constrict the orc priest, but do no damage.
The orc wizard closely misses you. The orc priest hits you with a club.
* * * LOW HITPOINT WARNING * * *
The orc wizard gestures at you while chanting.
The puff of frost hits you!
You die...

.. .. #..#
.###. #..
[..... #..
#.#...#####..
#......<..#.###
#....#..#.#.#.#
#.......#.#oo.#
#....#..#.#@#
#.#..##.#.#.#
#... #.....#
###.....#.#.#
...#.##.#.# ##
#. ..#.# #
####+#


You could see an orc priest and an orc wizard.

Vanquished Creatures
  An adder (D:2)
  3 oozes
  2 worms
  2 dart slugs (D:1)
  2 leopard geckos (D:3)
  3 orcs
  A ball python (D:3)
  3 bats
  6 giant cockroaches
  11 goblins
  6 hobgoblins
  3 jackals (D:1)
  3 quokkas
  5 frilled lizards
  7 kobolds
  3 rats
61 creatures vanquished.

Notes
Turn   | Place    | Note
-------+----------+-------------------------------------------
     0 | D:1      | oplop the Octopode Ice Elementalist began the quest for the Orb.
     0 | D:1      | Reached XP level 1. HP: 11/11 MP: 3/3
   137 | D:1      | Reached XP level 2. HP: 7/17 MP: 3/5
   397 | D:1      | Reached XP level 3. HP: 12/22 MP: 6/6
   511 | D:1      | Reached skill level 1 in Fighting
   892 | D:2      | Reached skill level 4 in Ice Magic
  1195 | D:2      | Reached XP level 4. HP: 22/28 MP: 7/7
  1745 | D:3      | Noticed a centaur
  1908 | D:3      | Learned a level 3 spell: Ozocubu's Armour
  1914 | D:3      | Found a sacrificial altar of Ru.
  2033 | D:3      | Found a runed door.
  2165 | D:3      | Noticed Crazy Yiuf
  2445 | D:4      | Killed from afar by an orc wizard

Skill      XL: |  1  2  3 |
---------------+----------+-----
Fighting       | 1 |  1.6
Ice Magic      | 4 |  4.3
Dodging        | |  2.0
Stealth        | |  2.6
Spellcasting   | |  2.8
Conjurations   | |  1.0

Action                   |  1- 3 |  4- 6 || total
-------------------------+-------+-------++-------
Melee: Unarmed           |    10 |       ||    10
       Constrict         |    16 |    15 ||    31
       Tentacles         |    10 |     6 ||    16
       Whip              |    49 |    54 ||   103
 Cast: Freeze            |     5 |     4 ||     9
 Stab: Sleeping          |     7 |     7 ||    14
  Eat: Chunk             |       |     4 ||     4
Armor: Skin              |     3 |     6 ||     9
Dodge: Dodged            |    27 |    25 ||    52
